 Dungeon Crawl Stone Soup version 0.30.0-15-g856e2d3f33 (webtiles) character file.

Game seed: 16267680747575900350

873 monsoonserge the Sneak (level 8, -10/44 HPs)
             Began as a Kobold Necromancer on May 19, 2023.
             Was an Initiate of Kikubaaqudgha.
             Mangled by a gnoll
             ... wielding a +0 halberd
             ... led by a gnoll bouda
              (12 damage)
             ... on level 4 of the Dungeon.
             The game lasted 00:32:57 (4920 turns).

monsoonserge the Sneak (Kobold Necromancer)         Turns: 4920, Time: 00:33:00

Health: -10/44     AC:  7    Str: 11    XL:     8   Next: 24%
Magic:  12/12      EV: 14    Int: 18    God:    Kikubaaqudgha [......]
Gold:   200        SH:  0    Dex: 16    Spells: 5/13 levels left

rFire   . . .        x - +1 short sword (drain)
rCold   . . .        (no shield)
rNeg    . . .        G - +0 ring mail
rPois   .            D - +0 helmet
rElec   .            E - +0 cloak
rCorr   .            (no gloves)
SInv    .            (no boots)
Will    .....        H - amulet of magic regeneration
Stlth   ++++         k - +6 ring of strength
HPRegen 0.27/turn    (no ring)
MPRegen 0.53/turn

%: no passive effects
@: no status effects
A: small, no large weapons, nightstalker 3
a: Renounce Religion


You were on level 4 of the Dungeon.
You worshipped Kikubaaqudgha.
Kikubaaqudgha was noncommittal.
You visited 2 branches of the dungeon, and saw 7 of its levels.
You also visited: Sewer.

You collected 236 gold pieces.
You spent 36 gold pieces at shops.

Inventory:

Hand Weapons
 c - a +1 short sword of holy wrath
 i - a +1 dagger of venom
 p - a +1 short sword of speed
 x - a +1 short sword of draining (weapon)
Missiles
 v - 16 poisoned darts (quivered)
Armour
 a - a +0 robe
 D - a +0 helmet (worn)
 E - a +0 cloak (worn)
 G - a +0 ring mail (worn)
 J - a +1 chain mail of fire resistance
Magical Staves
 I - a staff of air
Jewellery
 k - a +6 ring of strength (left hand)
 o - a ring of fire
 H - an amulet of magic regeneration (around neck)
Wands
 y - a wand of quicksilver (10)
 C - a wand of charming (5)
Scrolls
 d - 4 scrolls of teleportation {unknown}
 e - 2 scrolls of enchant armour {unknown}
 f - a scroll of blinking {unknown}
 g - a scroll of poison {unknown}
 h - 10 scrolls of identify {unknown}
 q - 4 scrolls of fear {unknown}
 s - a scroll of torment {unknown}
 A - a scroll of vulnerability {unknown}
 B - 2 scrolls of enchant weapon {unknown}
 F - 2 scrolls of amnesia {unknown}
Potions
 b - 2 potions of magic
 l - a potion of cancellation
 m - a potion of lignification
 n - a potion of degeneration {unknown}
 r - a potion of invisibility {unknown}
 t - 2 potions of might {unknown}
 u - 2 potions of resistance
 w - 2 potions of haste {unknown}
 z - 2 potions of curing {unknown}


   Skills:
 + Level 2.0 Fighting
 + Level 5.0 Short Blades
 + Level 0.5 Throwing
 * Level 2.0 Armour
 + Level 4.0 Dodging
 + Level 6.2 Stealth
 - Level 3.0 Spellcasting
 * Level 6.0 Necromancy


You had 5 spell levels left.
You knew the following spells:

 Your Spells              Type           Power      Damage    Failure   Level
a - Necrotise             Necr           96%        1d8       3%          1
b - Vampiric Draining     Necr           24%        2d7       10%         3
c - Animate Dead          Necr           24%        N/A       32%         4

Your spell library contained the following spells:

 Spells                   Type           Power      Damage    Failure   Level
 Agony                    Necr           24%        N/A       65%         5
 Volatile Blastmotes      Fire/Tloc      4%         2d10      75%         3
 Fulminant Prism          Conj/Hex       1%         3d5       98%         4
 Iskenderun's Mystic Bla  Conj/Tloc      2%         2d3       98%         4
 Lee's Rapid Deconstruct  Erth           1%         3d4*      100%        5
 Haunt                    Necr/Summ      6%         N/A       100%        7
 Infestation              Necr           12%        N/A       100%        8


Dungeon Overview and Level Annotations

Branches:
Dungeon (6/15)             Temple (1/1) D:5           Sewer (visited)

Altars:
Ashenzari
Dithmenos
Elyvilon
Fedhas
Gozag
Hepliaklqana
Kikubaaqudgha
Makhleb
Nemelex Xobeh
Qazlal
Ru
Trog
Uskayaw
Xom
Yredelemnul
Zin
The Shining One

Shops:
D:2 *   D:6 (

Annotations:
D:1 2 runed translucent doors


Innate Abilities, Weirdness & Mutations

You are small and have problems with some larger weapons.
You are completely attuned to the shadows.


Message History

The gnoll bouda is severely wounded.
Your gnoll is no longer moving quickly.
The gnoll hits you but does no damage.
Your gnoll hits the gnoll bouda with a +0 flail.
You hit the gnoll bouda.
You kill the gnoll bouda!
Kikubaaqudgha accepts your kill.
Your gnoll is no longer moving quickly.
The endoplasm hits you but does no damage.
The gnoll hits you but does no damage.
Your Fighting skill increases to level 2!
Your Armour skill increases to level 2!
Your Necromancy skill increases to level 6!
You hit the endoplasm but do no damage. You drain the endoplasm.
The endoplasm is severely wounded.
The endoplasm freezes you.
You are frozen.
* * * LOW HITPOINT WARNING * * *
Unknown command.
You hit the endoplasm.
You kill the endoplasm!
Kikubaaqudgha accepts your kill.
The gnoll hits you from afar with a +0 halberd.
* * * LOW HITPOINT WARNING * * *
Your gnoll hits the gnoll with a +0 flail.
Your gnoll barely misses the gnoll.
Okay, then.
Press: ? - help, v - describe, . - travel
Here: a gnoll, wielding a +0 halberd (lightly wounded, covering ground quickly, ally target)
The floor.
Okay, then.
It was a potion of cancellation.
Your magical effects are unravelling.
You feel magically purged.
You feel less wooden.
Your +0 cloak unmelds from your body.
Your +0 helmet unmelds from your body.
Your +0 ring mail unmelds from your body.
The gnoll hits you from afar with a +0 halberd!
You die...
Kikubaaqudgha rasps: "You have failed me!
Welcome... death!"

...........
.......#..........
.##..#.#.#..........
........#.#.....g....
.....#.........gg....
.....>.........@)....
..#.............)...#
...............###..#
.....<...#......# ..#
.................
..##.....#......# .#
#....###.....# ......


You could see a gnoll (swift, ally target) and 2 friendly gnolls.

Vanquished Creatures
  An ice beast (D:5)
  An ogre (D:5)
  A phantom (D:5)
  A kobold brigand (Sewer)
  2 killer bees (D:5)
  A hound (D:5)
  A gnoll bouda (D:4)
  Natasha (D:3)
  Jessica (D:3)
  An iguana (D:6)
  An orc wizard (D:5)
  Robin (D:3)
  3 gnolls (D:6)
  9 adders
  3 river rats (D:3)
  A shadow imp (D:3)
  An ufetubus (D:5)
  A worm (D:3)
  A dart slug (D:1)
  7 orcs
  10 ball pythons
  10 endoplasms
  8 giant cockroaches
  9 goblins
  12 hobgoblins
  4 jackals (D:1)
  4 quokkas
  5 bats
  4 frilled lizards
  20 kobolds
  11 rats
136 creatures vanquished.

Vanquished Creatures (collateral kills)
  A gnoll (D:4)
  A ball python (D:1)
2 creatures vanquished.

Grand Total: 138 creatures vanquished

Notes
Turn   | Place    | Note
-------+----------+-------------------------------------------
     0 | D:1      | monsoonserge the Kobold Necromancer began the quest for the
                  | Orb.
     0 | D:1      | Reached XP level 1. HP: 10/10 MP: 3/3
    87 | D:1      | Found a large runed translucent door.
    87 | D:1      | Found a large runed translucent door.
    91 | D:1      | Noticed an orc warrior
   125 | D:1      | Reached XP level 2. HP: 15/15 MP: 3/5
   447 | D:1      | Reached XP level 3. HP: 19/19 MP: 6/6
   494 | D:1      | Reached skill level 1 in Short Blades
  1197 | D:1      | Learned a level 3 spell: Vampiric Draining
  1224 | D:2      | Found Gauxkist's General Store.
  1229 | D:2      | Bought a potion of lignification for 36 gold pieces
  1328 | D:2      | Reached XP level 4. HP: 24/24 MP: 5/7
  1728 | D:2      | Found a faded altar of an unknown god.
  2017 | D:3      | Reached XP level 5. HP: 16/28 MP: 9/9
  2033 | D:3      | Noticed Robin
  2162 | D:3      | Found a glowing drain.
  2242 | Sewer    | Entered a sewer
  2355 | Sewer    | Noticed a kobold brigand
  2374 | Sewer    | Killed a kobold brigand
  2375 | Sewer    | Reached skill level 1 in Fighting
  2375 | Sewer    | Reached skill level 5 in Stealth
  2375 | Sewer    | Reached XP level 6. HP: 8/34 MP: 2/10
  2791 | D:3      | Reached skill level 5 in Necromancy
  2888 | D:3      | Noticed Jessica
  2909 | D:3      | Killed Jessica
  3040 | D:3      | Found a white marble altar of Elyvilon.
  3094 | D:3      | Killed Robin
  3347 | D:3      | You fall into a shaft and drop 3 floors!
  3368 | D:5      | Entered Level 5 of the Dungeon
  3375 | D:5      | Found a shimmering altar of Xom.
  3514 | D:6      | Learned a level 4 spell: Animate Dead
  3748 | D:6      | Reached XP level 7. HP: 38/38 MP: 11/11
  3882 | D:6      | Found a glowing golden altar of the Shining One.
  4008 | D:6      | Found a stormy altar of Qazlal.
  4008 | D:6      | Noticed an air elemental
  4011 | D:6      | Noticed a fire elemental
  4011 | D:6      | Noticed a water elemental
  4076 | D:6      | Found Qucsith's Weapon Boutique.
  4224 | D:5      | Found a hazy altar of Hepliaklqana.
  4252 | D:5      | Reached skill level 1 in Armour
  4289 | D:5      | Found a staircase to the Ecumenical Temple.
  4294 | Temple   | Entered the Ecumenical Temple
  4362 | Temple   | Became a worshipper of Kikubaaqudgha
  4522 | D:5      | Reached XP level 8. HP: 36/44 MP: 3/12
  4590 | D:3      | Noticed Natasha
  4593 | D:3      | Killed Natasha
  4760 | D:3      | Found a glowing silver altar of Zin.
  4914 | D:4      | Reached skill level 5 in Short Blades
  4919 | D:4      | HP: 2/66 [gnoll/+0 halberd[a gnoll bouda] (5)]
  4920 | D:4      | Mangled by a gnoll

Illustrated notes

Levels and vault maps discovered:
D:1:      erik_arrival_cave_to_civilisation [erik_arrival_cave_to_temple],
          layout_basic, dk_noncrumbling_3, nrook_campfire
D:2:      layout_loops_ring, serial_shops, shop,
          chequers_ecumenical_altar_simple, minmay_increasing_density
D:3:      layout_basic, general_overflow_altar, zin_statuary,
          portal_sewer_entry_e, uniq_robin, uniq_jessica, uniq_natasha
D:4:      layout_cave_pools, kennysheep_mini_moat, kennysheep_generic_room_14
D:5:      layout_basic, nicolae_overflow_hidden_temple,
          mainiacjoe_overflow_tiny_flanked, minmay_temple_entry_ruins,
          uniq_blork_the_orc
D:6:      layout_layer_cave, nicolae_tso_swordbearing_angel,
          nicolae_wu_jian_glorious_leap, nicolae_qazlal_style_of_elements,
          serial_shops, kennysheep_mini
Temple:   chequers_temple_sunken

Skill      XL: |  1  2  3  4  5  6  7  8 |
---------------+-------------------------+-----
Short Blades   | 1 2 3 4 5 |  5.0
Stealth        | 3 4 5 6 |  6.2
Spellcasting   | 3 |  3.0
Fighting       | 1 2 |  2.0
Dodging        | 3 4 |  4.0
Necromancy     | 5 6 |  6.0
Armour         | 1 2 |  2.0
Throwing       | |  0.5

Action                     |  1- 3 |  4- 6 |  7- 9 || total
---------------------------+-------+-------+-------++-------
  Melee: Short sword       |    34 |   217 |    88 ||   339
         Dagger            |    21 |     4 |       ||    25
         Punch             |       |     3 |     1 ||     4
  Throw: Dart              |       |     8 |       ||     8
   Cast: Necrotise         |    13 |    20 |       ||    33
         Vampiric Draining |       |    10 |    10 ||    20
  Evoke: Wand              |       |       |     4 ||     4
    Use: Potion            |       |       |     4 ||     4
   Stab: Sleeping          |    15 |    17 |     7 ||    39
         Distracted        |       |     2 |     1 ||     3
 Armour: Robe              |    11 |    25 |       ||    36
         Ring mail         |       |       |    17 ||    17
         Skin              |       |       |    43 ||    43
  Dodge: Dodged            |    54 |   138 |    72 ||   264
